Map: Écho EC

Players

Roach - Winner!

  • Race: Protoss Protoss
  • League: Grandmaster

AgCl

  • Race: Protoss Protoss
  • League: Grandmaster

VOD

Have the link to the VOD?

Description

Time

  • Played on: June 15, 2015, 4:46 p.m.
  • Length: 2:18
Show
View Real Time Build Order
Export as new Build Order

Roach Protoss - Winner!

Build Orders: Cannon Rush 

Get SALT Encoding   

  12  0:00  Probe  
  13  0:13  Pylon  
  13  0:18  Probe  
  14  0:32  Probe (Chrono Boost)  
  15  0:36  Forge  
  15  0:42  Probe (Chrono Boost)  
  16  1:04  Pylon  
  16  1:06  Pylon  
  16  1:14  Pylon  
  16  1:23  Gateway  
  16  1:28  Photon Cannon  
  16  1:37  Photon Cannon  
  16  1:41  Probe  
  17  1:54  Photon Cannon  
  17  2:08  Photon Cannon  
  17  2:13  Photon Cannon  
Show
View Real Time Build Order
Export as new Build Order

AgCl Protoss 

Build Orders:  

Get SALT Encoding   

  12  0:02  Probe  
  13  0:18  Probe  
  14  0:22  Pylon  
  14  0:40  Probe (Chrono Boost)  
  16  0:50  Probe (Chrono Boost)  
  16  0:52  Assimilator  
  16  0:57  Probe  
  17  1:14  Probe  
  18  1:21  Pylon  
  18  1:23  Pylon  
  18  1:26  Probe, Pylon  
  19  1:38  Pylon  
  19  1:39  Forge  
  19  1:41  Probe (Chrono Boost)  
  19  1:42  Gateway  
  19  1:46  Pylon  
  20  1:50  Probe (Chrono Boost)  
  21  1:57  Pylon  
  21  2:00  Probe  
  22  2:15  Photon Cannon  
Tags
 
Add a new tag
Caveats
  • Supply blocks, unpowered buildings, or Contaminate may cause inaccurate times.
  • Supply counts are checked every 10 seconds.